 Dungeon Crawl Stone Soup version 0.31-a0-1144-g99969ba1bc (webtiles) character file.

Game seed: 6979824952549204664

114 Milesaru the Grave Robber (level 4, -1/30 HPs)
             Began as a Demonspawn Necromancer on Dec 6, 2023.
             Slain by a kobold brigand
             ... wielding a +0 whip
              (6 damage)
             ... in a sewer.
             The game lasted 00:10:27 (1984 turns).

Milesaru the Grave Robber (Demonspawn Necromancer)  Turns: 1984, Time: 00:10:28

Health: -1/30      AC:  2    Str:  8    XL:     4   Next: 66%
Magic:  6/8        EV: 12    Int: 18    God:
Gold:   109        SH:  0    Dex: 13    Spells: 4/8 levels left

rFire   . . .        p - +4 whip of Vutegodo {protect, Stlth+}
rCold   . . .        (no shield)
rNeg    . . .        a - +0 robe
rPois   .            (no helmet)
rElec   .            (no cloak)
rCorr   .            (no gloves)
SInv    .            (no boots)
Will    .....        j - amulet of magic regeneration
Stlth   +++          (no ring)
HPRegen 0.25/turn    (no ring)
MPRegen 0.51/turn

%: no passive effects
@: lethally poisoned (-1 -> -10)
A: sturdy frame 1
a: no special abilities


You were in a sewer.
You visited 1 branch of the dungeon, and saw 3 of its levels.
You also visited: Sewer.

You collected 109 gold pieces.

Inventory:

Hand Weapons
 f - a +0 dagger
 p - the +4 whip of Vutegodo (weapon) {protect, Stlth+}
   (You found it on level 3 of the Dungeon)

   Stlth+:    It makes you more stealthy.
Armour
 a - a +0 robe (worn)
Magical Staves
 l - a staff of death
Jewellery
 j - an amulet of magic regeneration (around neck)
Scrolls
 c - 3 scrolls of identify {unknown}
 d - a scroll of poison {unknown}
 h - 2 scrolls of teleportation {unknown}
 i - a scroll of revelation {unknown}
 m - 2 scrolls of immolation {unknown}
 o - 2 scrolls of blinking {unknown}
 r - a scroll of fog {unknown}
 s - a scroll of enchant weapon {unknown}
Potions
 b - a potion of magic
 e - a potion of brilliance {unknown}
 g - a potion of haste {unknown}
 k - a potion of invisibility {unknown}
 n - 2 potions of might {unknown}
 q - 3 potions of degeneration {unknown}
 t - a potion of cancellation {unknown}


   Skills:
 * Level 2.1 Dodging
 + Level 1.8 Stealth
 + Level 2.6 Spellcasting
 * Level 6.1 Necromancy


You had 4 spell levels left.
You knew the following spells:

 Your Spells              Type           Power      Damage    Failure   Level
a - Necrotise             Necr           96%        1d8       1%          1
b - Vampiric Draining     Necr           24%        2d7       4%          3

Your spell library contained the following spells:

 Spells                   Type           Power      Damage    Failure   Level
 Animate Dead             Necr           24%        N/A       14%         4
 Stone Arrow              Conj/Erth      4%         3d7       45%         3
 Animate Armour           Summ/Erth      4%         N/A       86%         4
 Agony                    Necr           24%        N/A       36%         5
 Lehudib's Crystal Spear  Conj/Erth      1%         10d2      100%        8


Dungeon Overview and Level Annotations

Branches:
Dungeon (3/15)              Sewer (1/1)

Altars:


Innate Abilities, Weirdness & Mutations

Your movements are slightly less encumbered by armour. (ER -2)


Message History

This spell is extremely dangerous to cast!
Okay, then.
You enter the shallow water.
Moving in this stuff is going to be slow.
A kobold comes into view.
It is wielding a +0 dagger and quivering poisoned darts.
The kobold shouts!
The kobold brigand shouts!
The kobold brigand throws a poisoned dart.
The poisoned dart hits you!
You are poisoned.
You feel sick.
The kobold brigand throws a poisoned dart.
The poisoned dart hits you!
You are more poisoned.
The kobold throws a poisoned dart.
The poisoned dart hits you!
You are more poisoned.
You feel very sick.
You feel very sick.
You start resting.
You feel very sick. x2
You feel sick.
A kobold brigand is nearby!
You are too injured to fight recklessly!
You are too injured to fight recklessly!
You feel sick.
The kobold brigand throws a poisoned dart.
The poisoned dart hits you!
You are lethally poisoned!
* * * LOW HITPOINT WARNING * * *
You feel very sick.
The kobold brigand hits you with a +0 whip.
* * * LOW HITPOINT WARNING * * *
Aiming: Vampiric Draining (dangerous; 4% risk of failure)
Press: ? - help, Q - select action, (/) - cycle Shift-Dir - straight line, f - kobold brigand
Aim: a kobold brigand, wielding a +0 whip and quivering poisoned darts You draw life force from the kobold brigand!
You feel life coursing into your body.
* * * LOW HITPOINT WARNING * * *
You feel very sick.
The kobold brigand hits you with a +0 whip.
You die...

#.#.# ##..~## # ...
#~....##### .~!
#...~.~~~~~ .?.
#..~.~##### #.#
##~..## # #.# ##~##
#K# #~# #K# #~#
##@## ##~## ##...##
##...## #
#..~..####.~..~#####
#~..~.~~~~....~≈≈≈≈≈
#~....####.....##≈##
##.~.## ##~~.### ##
##)## ##≈## #)# #≈#
#~# #≈#


You could see a kobold brigand and a kobold.

Vanquished Creatures
  3 adders
  A river rat (Sewer)
  A dart slug (D:1)
  4 worms (Sewer)
  10 ball pythons
  4 bats
  3 endoplasms
  2 giant cockroaches (D:2)
  5 hobgoblins
  9 kobolds
  2 quokkas
  A frilled lizard (D:1)
  2 goblins (D:1)
  7 rats
54 creatures vanquished.

Vanquished Creatures (collateral kills)
  An adder (D:2)
  A kobold (Sewer)
  A rat (D:2)
3 creatures vanquished.

Grand Total: 57 creatures vanquished

Notes
Turn   | Place    | Note
-------+----------+-------------------------------------------
     0 | D:1      | Milesaru the Demonspawn Necromancer began the quest for the
                  | Orb.
     0 | D:1      | Reached XP level 1. HP: 13/13 MP: 3/3
   457 | D:1      | Gained mutation: Your movements are slightly less
                  | encumbered by armour. (ER -2) [demonic ancestry]
   457 | D:1      | Reached XP level 2. HP: 16/19 MP: 0/5
  1010 | D:2      | Reached skill level 5 in Necromancy
  1124 | D:2      | Reached XP level 3. HP: 24/24 MP: 4/6
  1370 | D:2      | Learned a level 3 spell: Vampiric Draining
  1588 | D:3      | Identified the +4 whip of Vutegodo {protect, Stlth+}
  1643 | D:3      | Reached XP level 4. HP: 30/30 MP: 7/7
  1688 | D:3      | Found a glowing drain.
  1694 | Sewer    | Entered a sewer
  1751 | Sewer    | Noticed a kobold brigand
  1808 | Sewer    | Reached skill level 6 in Necromancy
  1984 | Sewer    | Slain by a kobold brigand

Illustrated notes

Levels and vault maps discovered:
D:1:      ncdulo_lavacross, layout_basic
D:2:      layout_rooms, corexii_corridor_pit, minmay_misc_feat_diagonals,
          minmay_fountain_box, minmay_misc_feat_plants
D:3:      layout_basic, gup_sewer_entry_bowl
Sewer:    sewer_co_15_rooms

Skill      XL: |  1  2  3  4 |
---------------+-------------+-----
Dodging        | 2 |  2.1
Necromancy     | 5 6 |  6.1
Stealth        | |  1.8
Spellcasting   | |  2.6

Action                     |  1- 3 |  4- 6 || total
---------------------------+-------+-------++-------
  Melee: Dagger            |     9 |       ||     9
         Unarmed           |     2 |       ||     2
         Whip              |     3 |     7 ||    10
   Cast: Necrotise         |    61 |    48 ||   109
         Vampiric Draining |       |     1 ||     1
   Stab: Sleeping          |     1 |     1 ||     2
 Armour: Robe              |    13 |    14 ||    27
  Dodge: Dodged            |    14 |     6 ||    20

Table legend: (Time is in decaauts)
 A = Elapsed time spent in this place.
 B = Non-inter-level travel time spent in this place.
 C = Inter-level travel time spent in this place.
 D = Time resting spent in this place.
 E = Time spent auto-exploring this place.
 F = Levels seen in this place.
 G = Mean time per level.
                   A        B        C        D        E       F      G
               +--------+--------+--------+--------+--------+-----+--------+
         Total |   2059 |   2059 |      0 |     49 |   1276 |   4 |  514.8 |
       Dungeon |   1698 |   1698 |      0 |     27 |   1276 |   3 |  566.0 |
         Sewer |    360 |    360 |      0 |     22 |      0 |   1 |  360.0 |
               +--------+--------+--------+--------+--------+-----+--------+

Top non-repeatable levels by time:
     D:1: 972 daAuts
     D:2: 544 daAuts
   Sewer: 360 daAuts
     D:3: 182 daAuts
